 Dungeon Crawl Stone Soup version 0.26-a0-639-g72c4674329 (webtiles) character file.

Game seed: 5648711062092290657

231 Borgoz the Skirmisher (level 6, 0/55 HPs)
             Began as a Ghoul Gladiator on Sept 20, 2020.
             Killed from afar by an orc wizard (4 damage)
             ... with a magic dart
             ... on level 3 of the Dungeon.
             The game lasted 00:02:49 (1814 turns).

Borgoz the Skirmisher (Ghoul Gladiator)             Turns: 1814, Time: 00:02:49

Health: 0/55       AC:  4    Str: 24    XL:     6   Next: 3%
Magic:  5/5        EV: 13    Int:  3    God:
Gold:   180        SH:  0    Dex: 12    Spells: 5/5 levels left

rFire    . . .     SeeInvis .     - Unarmed
rCold    + . .     Faith    .   (no shield)
rNeg     + + +     Spirit   .   a - +0 leather armour
rPois    ∞         Reflect  .   b - +0 helmet
rElec    .         Harm     .   (no cloak)
rCorr    .         Rampage  .   (no gloves)
MR       .....                  (no boots)
Stlth    +.........             (no amulet)
HPRegen  0.00/turn              e - +6 ring of strength
MPRegen  0.09/turn              (no ring)

@: mighty, stab
A: rotting body, claws 1, cold resistance 1, negative energy resistance 3,
inhibited regeneration, torment resistance, unbreathing
a: no special abilities


You were on level 3 of the Dungeon.
You visited 1 branch of the dungeon, and saw 3 of its levels.

You collected 180 gold pieces.

Inventory:

Missiles
 c - 5 throwing nets (quivered)
Armour
 a - a +0 leather armour (worn)
 b - a +0 helmet (worn)
Jewellery
 e - a +6 ring of strength (left claw)
Wands
 p - a wand of random effects (15)
Scrolls
 f - a scroll of fog {unknown}
 g - a scroll of noise {unknown}
 i - 2 scrolls of teleportation {unknown}
 j - a scroll of remove curse {unknown}
 l - 2 scrolls of identify {unknown}
 m - a scroll of amnesia {unknown}
Potions
 n - a potion of haste
 o - a potion of ambrosia {unknown}


   Skills:
 + Level 4.8 Fighting
 - Level 1.8 Throwing
 - Level 0.2 Armour
 + Level 4.5 Dodging
 - Level 3.4 Unarmed Combat


You had 5 spell levels left.
You didn't know any spells.
Your spell library was empty.

Dungeon Overview and Level Annotations

Branches:
Dungeon (3/15)

Altars:
Nemelex Xobeh


Innate Abilities, Weirdness & Mutations

Your body is rotting away.
You thrive by killing the living.
You are immune to poison.
You have sharp fingernails.
Your flesh is cold resistant. (rC+)
You are immune to negative energy. (rN+++)
You do not regenerate when monsters are visible.
You are immune to unholy pain and torment.
You can survive without breathing.


Message History

You hear some strange, mumbled words.
A puff of frost appears from out of thin air!
The puff of frost hits you. You resist.
* * * LOW HITPOINT WARNING * * *
It was a potion of might.
You feel very mighty all of a sudden.
You hear some strange, mumbled words.
A puff of frost appears from out of thin air!
The puff of frost hits you. You resist.
* * * LOW HITPOINT WARNING * * *
Something completely misses you.
You miss something. Something hits you but does no damage.
You barely miss something. Something hits you but does no damage.
Something hits you.
* * * LOW HITPOINT WARNING * * *
You closely miss something.
You hear some strange, mumbled words.
A magic dart appears from out of thin air!
The magic dart hits you.
You die...

#.# . #..
....################
#..
.....r{@...........#
#..
.....#############.#
#.. ... #...#.###..
. #.#.#......
#########.#.#......
..........#<#.....#
###....#####.....#
..................#
####....#####.....#


You could see a rat.

Vanquished Creatures
  3 orc priests (D:3)
  Jessica (D:3)
  3 adders (D:2)
  2 oozes (D:2)
  3 worms (D:2)
  2 dart slugs (D:1)
  A leopard gecko (D:1)
  3 orcs
  3 giant cockroaches
  5 goblins
  6 hobgoblins
  10 jackals
  A quokka (D:2)
  A ball python (D:2)
  5 bats
  A frilled lizard (D:1)
  7 kobolds
  8 rats
65 creatures vanquished.

Notes
Turn   | Place    | Note
-------+----------+-------------------------------------------
     0 | D:1      | Borgoz the Ghoul Gladiator began the quest for the Orb.
     0 | D:1      | Reached XP level 1. HP: 17/17 MP: 0/0
   100 | D:1      | Reached XP level 2. HP: 23/25 MP: 1/1
   480 | D:1      | Reached XP level 3. HP: 30/30 MP: 2/2
   826 | D:2      | Reached XP level 4. HP: 38/38 MP: 3/3
  1506 | D:2      | Found a sparkling altar of Nemelex Xobeh.
  1724 | D:3      | Noticed Jessica
  1731 | D:3      | Killed Jessica
  1731 | D:3      | Reached XP level 5. HP: 46/46 MP: 4/4
  1803 | D:3      | Reached XP level 6. HP: 31/55 MP: 5/5
  1814 | D:3      | Killed from afar by an orc wizard

Illustrated notes

Levels and vault maps discovered:
D:1:      tarquinn_simple_flora_water_d, layout_basic, minmay_domino_4
D:2:      layout_basic, nemelex_dance_club_becter
D:3:      layout_basic, old_standard_altar, biasface_ghost_orc_armoury,
          minmay_close_crescents, uniq_jessica

Skill      XL: |  1  2  3  4 |
---------------+-------------+-----
Dodging        | 3 4 |  4.5
Fighting       | 3 4 |  4.8
Throwing       | |  1.8
Armour         | |  0.2
Unarmed Combat | |  3.4

Action                   |  1- 3 |  4- 6 || total
-------------------------+-------+-------++-------
Melee: Unarmed           |   109 |   138 ||   247
       Punch             |     1 |     2 ||     3
  Use: Potion            |       |     3 ||     3
 Stab: Sleeping          |       |     1 ||     1
Armor: Leather armour    |    21 |    26 ||    47
Dodge: Dodged            |    48 |    69 ||   117

Table legend: (Time is in decaauts)
 A = Elapsed time spent in this place.
 B = Non-inter-level travel time spent in this place.
 C = Inter-level travel time spent in this place.
 D = Time resting spent in this place.
 E = Time spent auto-exploring this place.
 F = Levels seen in this place.
 G = Mean time per level.
                   A        B        C        D        E       F      G
               +--------+--------+--------+--------+--------+-----+--------+
         Total |   1797 |   1631 |    166 |    287 |    976 |   3 |  599.0 |
       Dungeon |   1797 |   1631 |    166 |    287 |    976 |   3 |  599.0 |
               +--------+--------+--------+--------+--------+-----+--------+

Top non-repeatable levels by time:
     D:2: 1007 daAuts
     D:1: 680 daAuts
     D:3: 109 daAuts
